 Dungeon Crawl Stone Soup version 0.31-a0-188-g5e087ee2ca (webtiles) character file.

Game seed: 5508987723619316894

58 qw the Shooter (level 3, -3/20 HPs)
             Began as a Deep Elf Hunter on June 23, 2023.
             Frozen to death by an endoplasm (5 damage)
             ... on level 3 of the Dungeon.
             The game lasted 00:00:35 (1775 turns).

qw the Shooter (Deep Elf Hunter)                    Turns: 1775, Time: 00:00:36

Health: -3/20      AC:  5    Str: 10      XL:     3   Next: 75%
Magic:  5/5        EV: 11    Int: 13      God:
Gold:   144        SH:  0    Dex: 17 (18) Spells: 2/2 levels left

rFire   . . .        Y - +0 shortbow
rCold   . . .        (shield currently unavailable)
rNeg    . . .        f - +0 ring mail
rPois   .            (no helmet)
rElec   .            (no cloak)
rCorr   .            (no gloves)
SInv    .            (no boots)
Will    .....        (no amulet)
Stlth   +            (no ring)
HPRegen 0.23/turn    (no ring)
MPRegen 0.09/turn

%: no passive effects
@: no status effects
A: deterioration 1, screaming 1
a: no special abilities


You were on level 3 of the Dungeon.
You visited 1 branch of the dungeon, and saw 3 of its levels.

You collected 144 gold pieces.


Innate Abilities, Weirdness & Mutations

Your body sometimes deteriorates upon taking damage.
You occasionally shout uncontrollably at your foes.


   Skills:
 - Level 1.5 Fighting
 + Level 7.2 Ranged Weapons
 - Level 2.4 Dodging
 - Level 1.2 Stealth


You had 2 spell levels left.
You didn't know any spells.
Your spell library was empty.

Inventory:

Hand Weapons
 Y - a +0 shortbow (weapon)
Armour
 d - a +1 pair of gloves
 f - a +0 ring mail (worn)
Scrolls
 a - a scroll of enchant weapon {unknown}
 c - a scroll of identify
Potions
 b - a potion of haste {unknown}
 e - 2 potions of mutation

Dungeon Overview and Level Annotations

Branches:
Dungeon (3/15)

Altars:
Trog

Annotations:
D:3 Natasha


Message History

Natasha claws you.
Your body deteriorates!
You feel clumsy. The endoplasm freezes you.
You are frozen.
You shoot an arrow. The arrow barely misses Natasha.
The arrow barely misses the endoplasm.
Natasha claws you but does no damage. The endoplasm barely misses you.
You shoot an arrow. The arrow closely misses Natasha.
The arrow hits the endoplasm!
You kill the endoplasm!
Natasha closely misses you.
The endoplasm hits you but does no damage.
Natasha claws you but does no damage. The endoplasm closely misses you.
You shoot an arrow. The arrow hits Natasha.
Natasha is severely wounded.
The endoplasm freezes you.
You are frozen.
Natasha barely misses you.
You shoot an arrow. The arrow closely misses Natasha.
The arrow closely misses the goblin.
Natasha drinks a potion.
Natasha is healed!
The endoplasm hits you but does no damage.
You shoot an arrow. The arrow closely misses Natasha.
The arrow barely misses the goblin.
Natasha claws you. The endoplasm barely misses you.
You shoot an arrow.
The arrow hits Natasha but does no damage.
Natasha is lightly wounded.
Natasha closely misses you.
The endoplasm hits you but does no damage.
You shoot an arrow. The arrow hits Natasha.
Natasha is heavily wounded.
Natasha misses you. The endoplasm freezes you.
You are frozen.
You shoot an arrow. The arrow closely misses Natasha.
The arrow hits the goblin.
You kill the goblin!
Natasha claws you but does no damage. The endoplasm freezes you.
You are frozen.
You die...

#..^ ### #... ...
#####... .... #
........ ..... .#
........ ...#
##.#... .......
.)###.##..# #....
#h.J....)# #....
#@#.# #.# #....
#.#.# #.# #....
###.#.# #.######....
#.....###...........
#.#.......#......#.#
#.#######.#.##...#.#
# #.#.........
#.#.##...##.
#.#......##.


You could see Natasha and an endoplasm.

Vanquished Creatures
  2 adders
  A worm (D:2)
  2 ball pythons (D:1)
  7 bats
  3 endoplasms
  3 giant cockroaches
  3 hobgoblins
  3 quokkas
  2 frilled lizards
  4 goblins
  5 kobolds
  2 rats
37 creatures vanquished.

Notes
Turn   | Place    | Note
-------+----------+-------------------------------------------
     0 | D:1      | qw the Deep Elf Hunter began the quest for the Orb.
     0 | D:1      | Reached XP level 1. HP: 12/12 MP: 3/3
     0 | D:1      | 0 ||| qw: Version: 0.3-a-9-g12657ce
     0 | D:1      | 0 ||| qw: Game counter: 3644
     0 | D:1      | 0 ||| qw: Always use a shield: true
     0 | D:1      | 0 ||| qw: God list: Okawaru
     0 | D:1      | 0 ||| qw: Allow faded altars: false
     0 | D:1      | 0 ||| qw: Do Orc after D:15 true
     0 | D:1      | 0 ||| qw: Do second Lair branch before Depths: true
     0 | D:1      | 0 ||| qw: Lair rune preference: random
     0 | D:1      | 0 ||| qw: Plans: Normal
     0 | D:1      | 0 ||| PLANNING D:1-11
   374 | D:1      | Reached XP level 2. HP: 13/16 MP: 4/4
   403 | D:1      | Reached skill level 6 in Ranged Weapons
   724 | D:1      | You fall into a shaft and drop 1 floor!
   747 | D:2      | HP: 3/16 [worm (9)]
   922 | D:2      | 922 ||| UPGRADING to +0 scale mail.
   923 | D:2      | 923 ||| UPGRADING to +0 scale mail.
   937 | D:2      | 937 ||| DROPPING +0 leather armour.
   938 | D:2      | 938 ||| UPGRADING to +0 ring mail.
   948 | D:2      | 948 ||| DROPPING +0 scale mail.
   949 | D:2      | 949 ||| READING scroll labelled APSECAT MEYLL.
   950 | D:2      | 950 ||| READING scroll labelled FYPESK TAJA.
   951 | D:2      | 951 ||| DROPPING scroll of butterflies.
  1132 | D:1      | 1132 ||| DRINKING 2 metallic cyan potions.
  1132 | D:1      | Gained mutation: You occasionally shout uncontrollably at
                  | your foes. [potion of mutation]
  1132 | D:1      | Gained mutation: Your body sometimes deteriorates upon
                  | taking damage. [potion of mutation]
  1210 | D:2      | Reached XP level 3. HP: 19/20 MP: 5/5
  1286 | D:2      | 1286 ||| FLEEEEING.
  1408 | D:2      | Found a bloodstained altar of Trog.
  1436 | D:2      | Reached skill level 7 in Ranged Weapons
  1549 | D:2      | 1549 ||| READING 3 scrolls labelled BUMUZX FUNE.
  1550 | D:2      | 1550 ||| READING scroll labelled FARUIS COCE.
  1555 | D:2      | 1555 ||| READING 2 scrolls of identify.
  1555 | D:2      | 1555 ||| IDENTIFYING dark potion
  1556 | D:2      | 1556 ||| DROPPING potion of attraction.
  1763 | D:3      | Noticed Natasha
  1774 | D:3      | HP: 2/20 [frozen (5)]
  1775 | D:3      | Frozen to death by an endoplasm

Levels and vault maps discovered:
D:1:      evilmike_arrival_fibonacci_small, layout_loops_corners
D:2:      layout_loops_cross, basic_altar
D:3:      layout_loops_cross, nicolae_gozag_cash_rules_everything_around_me,
          uniq_natasha

Skill      XL: |  1  2  3 |
---------------+----------+-----
Ranged Weapons | 6 7 |  7.2
Fighting       | |  1.5
Dodging        | |  2.4
Stealth        | |  1.2

Action                     || total
---------------------------++-------
   Fire: Shortbow          ||   125
    Use: Scroll            ||     5
         Potion            ||     1
 Armour: Leather armour    ||     4
         Scale mail        ||     2
         Ring mail         ||    15
  Dodge: Dodged            ||    33

Table legend:
 A = Non-vault XP
 B = Vault XP
 C = Vault XP percentage of total XP
 D = Non-vault monster count
 E = Vault monster count
 F = Vault count percentage of total count
                 A         B        C        D         E       F
            +---------+---------+-------+---------+---------+-------
      Total |      85 |       0 |   0.0 |      37 |       0 |   0.0
            +---------+---------+-------+---------+---------+-------
        D:1 |      21 |       0 |   0.0 |      14 |       0 |   0.0
        D:2 |      43 |       0 |   0.0 |      17 |       0 |   0.0
        D:3 |      21 |       0 |   0.0 |       6 |       0 |   0.0
            +---------+---------+-------+---------+---------+-------
